Map: 永恒帝国-天梯版

Players

Cyan

  • Race: Protoss Protoss

iGXiGua (XiGua) - Winner!

  • Race: Zerg Zerg

Event: DreamHack SC2 Masters 2020 Fall

VOD

Have the link to the VOD?

Description

Time

  • Played on: Sept. 3, 2020, 10 a.m.
  • Length: 14:10

All games in this series

Show
View Real Time Build Order
Export as new Build Order

Cyan Protoss 

Build Orders: 1 Gate Expand, Oracle Opening 

Get SALT Encoding   

  12  0:00  Probe  
  13  0:12  Probe  
  14  0:19  Pylon  
  14  0:24  Probe  
  15  0:37  Probe (Chrono Boost)  
  15  0:40  Gateway  
  16  0:47  Probe (Chrono Boost)  
  17  0:50  Assimilator  
  17  0:52  Probe (Chrono Boost)  
  18  1:03  Probe  
  19  1:15  Probe  
  20  1:27  Nexus  
  20  1:38  Cybernetics Core  
  20  1:41  Probe  
  20  1:46  Assimilator  
  21  1:53  Probe  
  22  1:56  Pylon  
  22  2:05  Probe  
  23  2:11  Adept (Chrono Boost)  
  25  2:15  Warp Gate  
  25  2:17  Probe (Chrono Boost)  
  26  2:26  Stargate, Probe (Chrono Boost)  
  27  2:32  Probe (Chrono Boost)  
  27  2:35  Stalker (Chrono Boost)  
  28  2:40  Probe  
  28  2:43  Probe  
  32  2:52  Probe  
  32  2:56  Probe  
  34  3:04  Probe  
  35  3:07  Oracle (Chrono Boost)  
  35  3:08  Probe  
  39  3:15  Pylon  
  39  3:16  Probe  
  40  3:20  Probe  
  40  3:25  Gateway  
  41  3:27  Adept  
  41  3:28  Probe  
  41  3:32  Probe  
  45  3:35  Oracle (Chrono Boost)  
  45  3:40  Probe  
  49  3:44  Probe  
  49  3:45  Pylon  
  50  3:50  Assimilator  
  50  3:52  Assimilator, Probe  
  51  3:56  Probe  
  51  4:00  Robotics Facility  
  52  4:04  Probe  
  52  4:06  Adept  
  52  4:08  Probe  
  56  4:15  Pylon  
  56  4:16  Probe  
  57  4:20  Probe  
  58  4:27  Nexus  
  58  4:28  Probe  
  59  4:32  Probe  
  59  4:34  Shield Battery  
  59  4:35  Sentry x2  
  64  4:41  Probe  
  62  4:46  Oracle  
  62  4:48  Probe  
  62  4:50  Immortal (Chrono Boost)  
  70  5:01  Pylon  
  70  5:03  Gateway  
  70  5:07  Gateway  
  70  5:15  Pylon  
  70  5:19  Probe x2  
  70  5:20  Sentry  
  70  5:21  Sentry  
  76  5:24  Warp Prism (Chrono Boost), Pylon  
  78  5:33  Probe  
  79  5:36  Probe  
  79  5:41  Forge  
  79  5:42  Twilight Council  
  80  5:48  Probe x2  
  77  5:50  Sentry x2  
  77  5:53  Observer, Probe  
  83  5:58  Stalker  
  83  6:00  Probe  
  83  6:01  Stalker  
  83  6:02  Probe  
  89  6:07  Probe  
  89  6:10  Gateway  
  90  6:12  Gateway, Probe  
  90  6:15  Probe  
  92  6:18  Stalker  
  92  6:19  Probe, Stalker  
  92  6:20  Protoss Ground Weapons Level 1 (Chrono Boost)  
  97  6:31  Stalker x2  
  103  6:33  Immortal, Probe  
  102  6:45  Blink (Chrono Boost), Probe x2  
  102  6:46  Assimilator  
  98  6:48  Assimilator  
  98  6:50  Probe  
  99  6:55  Gateway  
  99  6:57  Probe  
  99  6:58  Pylon, Gateway, Photon Cannon  
  99  6:59  Probe  
  101  7:02  Zealot  
  101  7:03  Zealot  
  101  7:07  Immortal  
  101  7:08  Zealot x2  
  109  7:19  Pylon x2  
  113  7:25  Stalker x2  
  117  7:41  Nexus  
  117  7:44  Pylon  
  117  7:46  Immortal  
  117  7:47  Robotics Bay  
  120  8:00  Probe  
  120  8:03  Sentry x5  
  131  8:08  Probe  
  131  8:10  Nexus  
  132  8:13  Pylon  
  132  8:14  Probe, Pylon  
  132  8:18  Charge (Chrono Boost)  
  132  8:19  Protoss Ground Weapons Level 2 (Chrono Boost), Pylon  
  133  8:21  Pylon  
  133  8:30  Robotics Facility  
  133  8:31  Immortal, Probe  
  138  8:37  Probe  
  138  8:39  Photon Cannon  
  139  8:41  Photon Cannon  
  139  8:45  Stalker x6  
  142  8:53  Stalker x2  
  134  9:08  Probe  
  134  9:09  Probe  
  127  9:13  Stalker x4  
  127  9:14  Probe  
  134  9:20  Stalker  
  134  9:21  Stalker  
  135  9:29  Photon Cannon  
  134  9:36  Probe  
  131  9:39  Stalker x3  
  130  9:45  Probe  
  130  9:46  Probe  
  131  9:53  Photon Cannon  
  131  10:04  Colossus x2 (Chrono Boost)  
  135  10:16  Sentry x2, Stalker x2  
  141  10:25  Stalker x3  
  119  10:42  Stalker x2  
  94  10:43  Stalker  
  83  10:50  Colossus  
  83  10:51  Stalker  
  83  10:55  Probe x2  
  83  10:56  Probe  
  94  11:05  Adept  
  94  11:06  Sentry x2  
  94  11:07  Probe x2  
  100  11:13  Pylon  
  100  11:14  Probe  
  101  11:24  Sentry x2  
  69  11:40  Stalker x4  
  66  11:48  Stalker x2  
  66  11:51  Probe x2  
  70  11:54  Probe  
  71  12:03  Probe x2  
  71  12:04  Sentry  
  71  12:06  Sentry, Probe  
  78  12:11  Adept  
  78  12:13  Sentry  
  82  12:16  Probe  
  82  12:18  Sentry  
  82  12:20  Sentry  
  87  12:23  Probe  
  87  12:28  Probe  
  89  12:38  Sentry  
  89  12:39  Probe x2  
  89  12:42  Assimilator  
  89  12:43  Warp Prism (Chrono Boost)  
  93  12:44  Shield Battery  
  93  12:48  Sentry  
  97  12:57  Observer (Chrono Boost)  
  97  12:58  Probe  
  99  13:00  Gateway  
  99  13:02  Gateway  
  99  13:11  Photon Cannon  
  99  13:17  Photon Cannon  
  85  13:44  Stalker x4  
  85  13:45  Stalker  
Show
View Real Time Build Order
Export as new Build Order

iGXiGua Zerg - Winner!

Build Orders: Hatch First, Muta Ling Bane 

Get SALT Encoding   

  12  0:00  Drone  
  13  0:12  Overlord  
  13  0:16  Drone  
  14  0:31  Drone  
  15  0:39  Drone  
  16  0:50  Hatchery  
  16  0:53  Drone  
  16  0:55  Drone  
  17  1:00  Extractor  
  17  1:02  Drone  
  17  1:08  Drone  
  18  1:21  Spawning Pool  
  18  1:24  Drone  
  18  1:29  Drone  
  19  1:40  Drone  
  20  1:48  Overlord  
  20  2:00  Drone  
  21  2:08  Queen x2  
  25  2:09  Zergling x2  
  25  2:14  Drone x2  
  28  2:18  Metabolic Boost  
  28  2:23  Drone  
  28  2:24  Drone  
  30  2:33  Drone  
  31  2:43  Hatchery  
  30  2:48  Queen  
  32  2:53  Overlord  
  32  2:58  Drone  
  32  3:07  Drone x2  
  32  3:09  Drone  
  35  3:13  Drone x2  
  35  3:19  Drone x6  
  43  3:22  Overlord  
  43  3:29  Extractor  
  43  3:30  Extractor  
  43  3:31  Queen  
  45  3:36  Overlord  
  45  3:43  Drone  
  45  3:44  Zergling x4, Spore Crawler  
  47  3:52  Zergling x4  
  47  3:54  Drone x2  
  51  3:55  Queen  
  51  4:00  Spore Crawler  
  52  4:03  Evolution Chamber  
  52  4:04  Drone  
  52  4:05  Drone  
  53  4:11  Drone x2  
  53  4:14  Overlord  
  55  4:19  Drone x5, Spore Crawler  
  59  4:25  Drone x3  
  59  4:27  Drone  
  59  4:28  Overlord  
  63  4:33  Baneling Nest  
  63  4:34  Zerg Melee Weapons Level 1  
  62  4:45  Drone x6  
  64  4:48  Drone  
  64  4:52  Extractor  
  64  4:53  Drone  
  64  4:55  Drone x3  
  64  4:59  Overlord  
  68  5:02  Drone x2  
  68  5:03  Roach Warren  
  69  5:09  Zergling x8  
  69  5:10  Zergling x4  
  74  5:21  Drone x4  
  78  5:23  Extractor x3  
  78  5:27  Lair, Hatchery  
  74  5:31  Drone x4  
  74  5:32  Drone  
  79  5:36  Overlord  
  79  5:39  Overlord x2  
  78  5:49  Roach x4, Zergling x2  
  82  5:53  Queen  
  82  5:56  Overlord x2  
  82  5:57  Zergling x4  
  83  6:03  Zergling x12  
  89  6:10  Ravager x4  
  93  6:12  Zergling x2  
  93  6:13  Zergling x6  
  95  6:26  Roach, Zergling x12  
  95  6:28  Queen x2  
  102  6:36  Roach, Zergling x14  
  107  6:40  Roach  
  107  6:46  Glial Reconstitution  
  107  6:47  Zergling x6  
  103  6:51  Spire  
  103  6:52  Zerg Melee Weapons Level 2  
  103  6:54  Extractor  
  103  6:58  Drone x4  
  107  7:01  Drone  
  107  7:06  Drone x2  
  107  7:07  Drone x3  
  107  7:12  Drone  
  107  7:13  Drone x2  
  110  7:20  Drone  
  110  7:22  Overlord  
  110  7:23  Unknown  
  110  7:24  Overlord  
  110  7:27  Overlord  
  110  7:29  Overlord  
  109  7:32  Hatchery  
  109  7:34  Overlord  
  109  7:36  Overlord  
  107  7:59  Overlord  
  107  8:04  Mutalisk  
  107  8:05  Mutalisk x10  
  129  8:08  Roach x4, Zergling x4  
  139  8:13  Zergling x6  
  139  8:19  Centrifical Hooks  
  142  8:21  Zergling x8  
  142  8:24  Zergling x2  
  147  8:29  Zergling x16  
  155  8:36  Zergling x2  
  154  8:47  Zergling x2  
  154  8:48  Zergling x16  
  152  8:53  Zergling x8  
  139  8:58  Baneling x2  
  139  8:59  Ravager x2, Baneling x15  
  137  9:07  Zergling x22  
  146  9:14  Zergling x12  
  140  9:19  Roach  
  140  9:20  Roach x2  
  140  9:21  Roach  
  145  9:31  Roach x2, Zergling x10  
  145  9:36  Infestation Pit  
  145  9:37  Zergling x4  
  151  9:44  Zergling x20  
  161  9:51  Zergling x8  
  165  9:58  Zergling x14  
  170  10:05  Zergling x6  
  137  10:29  Zergling x32  
  137  10:35  Zergling x2  
  138  10:38  Zergling x2  
  138  10:39  Zergling x12  
  138  10:42  Zergling x2  
  137  10:48  Zergling x6  
  128  10:55  Hive  
  128  10:57  Zergling x12  
  131  11:05  Baneling x28  
  131  11:06  Baneling  
  131  11:09  Zergling x14  
  138  11:16  Zergling x14  
  145  11:19  Zergling x2  
  145  11:22  Zergling x8  
  148  11:26  Zergling x6  
  136  11:34  Zergling x16  
  136  11:37  Zergling x4  
  130  11:40  Zergling x4  
  130  11:42  Zergling x2  
  122  11:50  Zergling x16  
  115  11:55  Roach x3  
  115  11:58  Zerg Ground Armor Level 1  
  115  12:00  Roach  
  120  12:02  Roach x2  
  120  12:06  Viper x2  
  130  12:10  Viper x2  
  135  12:19  Viper x3  
  144  12:26  Adrenal Glands  
  142  12:37  Roach x9  
  142  12:38  Roach x2  
  164  12:45  Zergling x18  
  173  12:54  Ravager x3  
  173  12:55  Ravager x3  
  173  12:56  Baneling x15  
  173  12:57  Baneling x2  
  178  13:02  Zergling x8  
  178  13:04  Baneling x4  
  182  13:05  Baneling x2  
  182  13:06  Ravager, Baneling  
  183  13:14  Zergling x12  
  183  13:15  Baneling x5  
  183  13:16  Baneling  
  189  13:25  Baneling x19  
  189  13:31  Zergling x10  
  189  13:39  Zergling x12  
  188  13:41  Zergling x2  
  188  13:44  Zergling x6  
  188  13:45  Overlord  
  185  13:50  Zergling x2  
  185  13:51  Zergling x8  

Tags
 
Add a new tag
Caveats
  • Supply blocks, unpowered buildings, or Contaminate may cause inaccurate times.
  • Supply counts are checked every 10 seconds.